 Dungeon Crawl Stone Soup version 0.30.0-29-ga12c61a403 (webtiles) character file.

Game seed: 12627766084698572672

645 qw the Chopper (level 7, -9/44 HPs)
             Began as a Gargoyle Fighter on June 5, 2023.
             Killed by divine providence
             ... invoked by an orc priest
              (13 damage)
             ... on level 6 of the Dungeon.
             The game lasted 00:01:40 (2268 turns).

qw the Chopper (Gargoyle Fighter)                   Turns: 2268, Time: 00:01:40

Health: -9/44      AC: 11    Str: 22    XL:     7   Next: 52%
Magic:  7/7        EV:  9    Int:  8    God:
Gold:   157        SH:  4    Dex:  9    Spells: 6/6 levels left

rFire   . . .        Y - +2 war axe
rCold   . . .        c - +0 buckler
rNeg    + . .        b - +0 scale mail
rPois   inf          (no helmet)
rElec   +            (no cloak)
rCorr   .            (no gloves)
SInv    .            (no boots)
Will    .....        (no amulet) Stlth
                     (no ring)
HPRegen 0.27/turn    (no ring)
MPRegen 0.10/turn

%: no passive effects
@: no status effects
A: sickness immunity, AC +4, negative energy resistance 1, electricity
resistance, torment resistance 1, petrification resistance
a: no special abilities


You were on level 6 of the Dungeon.
You visited 1 branch of the dungeon, and saw 4 of its levels.

You collected 157 gold pieces.


Innate Abilities, Weirdness & Mutations

You are immune to sickness and miasma.
Your stone body is resilient. (AC +4)
You are immune to poison.
You resist negative energy. (rN+)
You are resistant to electric shocks. (rElec)
You are resistant to unholy torment.
You are immune to petrification.


   Skills:
 - Level 4.4 Fighting
 + Level 6.7 Axes
 - Level 3.2 Armour
 - Level 1.4 Dodging
 - Level 3.2 Shields


You had 6 spell levels left.
You didn't know any spells.
Your spell library was empty.

Inventory:

Hand Weapons
 e - a +0 flail
 f - a +0 whip
 Y - a +2 war axe (weapon)
Armour
 b - a +0 scale mail (worn)
 c - a +0 buckler (worn)
Scrolls
 g - 3 scrolls of identify
Potions
 a - a potion of attraction {unknown}
 d - 2 potions of might

Dungeon Overview and Level Annotations

Branches:
Dungeon (3/15)

Altars:


Message History

An orc priest comes into view. It is wielding a +0 mace.
The orc priest shouts!
The orc wizard points at you and mumbles some strange words.
You resist with some effort.
The orc priest invokes the aid of Beogh against you.
Beogh smites you!
You hear a shout!
The orc wizard gestures at you while chanting.
The puff of flame hits you but does no damage.
The orc priest calls upon Beogh to heal the orc wizard.
The orc wizard is healed somewhat.
The orc wizard hits you but does no damage.
The orc wizard hits you but does no damage.
The orc wizard hits you but does no damage.
An orc wizard comes into view. It is wielding a +0 dagger.
The orc wizard hits you with a +0 dagger.
The orc priest mumbles some strange prayers to Beogh against you.
Beogh smites you!
The orc wizard hits you with a +0 dagger.
The orc priest miscasts a cantrip.
The orc wizard hits you but does no damage.
The orc wizard casts a spell.
The orc wizard flickers and vanishes!
Deactivating autopickup; reactivate with Ctrl-A.
You feel less confused. The orc wizard barely misses you.
You barely miss the orc wizard.
The orc wizard is moderately wounded.
You hit the orc priest but do no damage.
The orc wizard hits you but does no damage.
The orc priest hits you but does no damage.
The orc wizard hits you but does no damage.
The orc priest hits you with a +0 mace.
You closely miss the orc wizard.
The orc wizard is moderately wounded.
You hit the orc priest.
The orc wizard hits you but does no damage.
The orc priest invokes the aid of Beogh against you.
Beogh smites you!
You die...

#..............#.......
#.>............#.......
#...........^..#.......
#..............#.......
#..............#.l.....
#..............#?......
#..............#.......
#.............o).......
#...##.####..@o#<......
####...##'####....##......
..#............)...+......
..#................# .....
..#................# .....
..#................# l...
..#................# ....
.##....##...########
.##....######


You could see an orc priest and an orc wizard.

Vanquished Creatures
  Maggie (D:6)
  A water moccasin (D:6)
  A howler monkey (D:6)
  An orc priest (D:6)
  An iguana (D:6)
  Jessica (D:2)
  An orc wizard (D:6)
  2 adders (D:2)
  A gnoll (D:1)
  2 worms (D:2)
  3 dart slugs (D:1)
  6 orcs (D:6)
  8 ball pythons
  9 endoplasms
  2 giant cockroaches
  4 goblins
  2 hobgoblins
  5 quokkas
  9 bats
  2 frilled lizards (D:2)
  6 kobolds
  2 rats
70 creatures vanquished.

Notes
Turn   | Place    | Note
-------+----------+-------------------------------------------
     0 | D:1      | qw the Gargoyle Fighter began the quest for the Orb.
     0 | D:1      | Reached XP level 1. HP: 14/14 MP: 1/1
     0 | D:1      | 0 ||| qw: Version: 0.2-a-108-gee2c290
     0 | D:1      | 0 ||| qw: Game counter: 1450
     0 | D:1      | 0 ||| qw: Always use a shield: true
     0 | D:1      | 0 ||| qw: God list: Okawaru
     0 | D:1      | 0 ||| qw: Allow faded altars: false
     0 | D:1      | 0 ||| qw: Do Orc after D:15 true
     0 | D:1      | 0 ||| qw: Do second Lair branch before Depths: true
     0 | D:1      | 0 ||| qw: Lair rune preference: random
     0 | D:1      | 0 ||| qw: Plans: Normal, Zot:1-4, Slime:5, God:TSO, Crypt,
                  | Tomb, Abyss, Pan, Hells, Win
     0 | D:1      | 0 ||| PLANNING D:1-11
    39 | D:1      | Reached skill level 2 in Axes
    82 | D:1      | 82 ||| Stepping ~*~*~tactically~*~*~ (hiding).
    83 | D:1      | 83 ||| Stepping ~*~*~tactically~*~*~ (stealth).
    84 | D:1      | 84 ||| Stepping ~*~*~tactically~*~*~ (stealth).
    89 | D:1      | Reached XP level 2. HP: 19/19 MP: 2/2
    92 | D:1      | 92 ||| Stepping ~*~*~tactically~*~*~ (stealth).
    93 | D:1      | 93 ||| Stepping ~*~*~tactically~*~*~ (stealth).
    94 | D:1      | 94 ||| Stepping ~*~*~tactically~*~*~ (stealth).
   109 | D:1      | 109 ||| Stepping ~*~*~tactically~*~*~ (hiding).
   122 | D:1      | 122 ||| FLEEEEING.
   123 | D:1      | 123 ||| FLEEEEING.
   125 | D:1      | 125 ||| FLEEEEING.
   132 | D:1      | 132 ||| FLEEEEING.
   133 | D:1      | 133 ||| FLEEEEING.
   134 | D:1      | 134 ||| FLEEEEING.
   136 | D:1      | 136 ||| FLEEEEING.
   137 | D:1      | 137 ||| FLEEEEING.
   138 | D:1      | 138 ||| FLEEEEING.
   141 | D:1      | 141 ||| FLEEEEING.
   142 | D:1      | 142 ||| FLEEEEING.
   143 | D:1      | 143 ||| FLEEEEING.
   144 | D:1      | 144 ||| FLEEEEING.
   145 | D:1      | 145 ||| FLEEEEING.
   146 | D:1      | 146 ||| FLEEEEING.
   147 | D:1      | 147 ||| FLEEEEING.
   148 | D:1      | 148 ||| FLEEEEING.
   229 | D:1      | Reached skill level 3 in Axes
   238 | D:1      | 238 ||| FLEEEEING.
   239 | D:1      | 239 ||| FLEEEEING.
   240 | D:1      | 240 ||| FLEEEEING.
   241 | D:1      | 241 ||| FLEEEEING.
   242 | D:1      | 242 ||| FLEEEEING.
   243 | D:1      | 243 ||| FLEEEEING.
   244 | D:1      | 244 ||| FLEEEEING.
   245 | D:1      | 245 ||| FLEEEEING.
   246 | D:1      | 246 ||| FLEEEEING.
   247 | D:1      | 247 ||| FLEEEEING.
   248 | D:1      | 248 ||| FLEEEEING.
   249 | D:1      | 249 ||| FLEEEEING.
   250 | D:1      | 250 ||| FLEEEEING.
   251 | D:1      | 251 ||| FLEEEEING.
   252 | D:1      | 252 ||| FLEEEEING.
   253 | D:1      | 253 ||| FLEEEEING.
   254 | D:1      | 254 ||| FLEEEEING.
   255 | D:1      | 255 ||| FLEEEEING.
   256 | D:1      | 256 ||| FLEEEEING.
   257 | D:1      | 257 ||| FLEEEEING.
   258 | D:1      | 258 ||| FLEEEEING.
   259 | D:1      | 259 ||| FLEEEEING.
   260 | D:1      | 260 ||| FLEEEEING.
   261 | D:1      | 261 ||| FLEEEEING.
   262 | D:1      | 262 ||| FLEEEEING.
   263 | D:1      | 263 ||| FLEEEEING.
   264 | D:1      | 264 ||| FLEEEEING.
   265 | D:1      | 265 ||| FLEEEEING.
   266 | D:1      | 266 ||| FLEEEEING.
   267 | D:1      | 267 ||| FLEEEEING.
   268 | D:1      | 268 ||| FLEEEEING.
   269 | D:1      | 269 ||| FLEEEEING.
   270 | D:1      | 270 ||| FLEEEEING.
   271 | D:1      | 271 ||| FLEEEEING.
   272 | D:1      | 272 ||| FLEEEEING.
   273 | D:1      | 273 ||| FLEEEEING.
   276 | D:1      | Reached XP level 3. HP: 22/23 MP: 3/3
  1159 | D:1      | 1159 ||| DROPPING ring of magical power.
  1160 | D:1      | 1160 ||| READING scroll labelled WEPHAKO TEGIMO.
  1161 | D:1      | 1161 ||| READING scroll labelled UXEGAPAY BOMM.
  1162 | D:1      | 1162 ||| READING scroll labelled GANEIZOREUS.
  1166 | D:1      | 1166 ||| READING 2 scrolls labelled YCVAJO VUUQUTZ.
  1167 | D:1      | 1167 ||| READING scroll of enchant weapon.
  1167 | D:1      | 1167 ||| ENCHANTING +1 war axe.
  1168 | D:1      | 1168 ||| READING scroll labelled ABOUGISHROCI.
  1169 | D:1      | 1169 ||| READING scroll labelled KEBBYA LIREIKH.
  1203 | D:2      | 1203 ||| STAIRDANCE
  1262 | D:2      | Reached XP level 4. HP: 24/28 MP: 4/4
  1421 | D:2      | 1421 ||| Stepping ~*~*~tactically~*~*~ (stealth).
  1433 | D:2      | Noticed Jessica
  1437 | D:2      | Killed Jessica
  1438 | D:2      | Reached skill level 4 in Axes
  1516 | D:2      | 1516 ||| Stepping ~*~*~tactically~*~*~ (stealth).
  1518 | D:2      | 1518 ||| Stepping ~*~*~tactically~*~*~ (stealth).
  1538 | D:2      | Reached XP level 5. HP: 28/32 MP: 5/5
  1814 | D:2      | 1814 ||| READING scroll labelled XUURAS WIRPHU.
  1815 | D:2      | 1815 ||| READING 4 scrolls of identify.
  1815 | D:2      | 1815 ||| IDENTIFYING brown potion
  1829 | D:3      | 1829 ||| PLANNING SEWER
  1843 | D:3      | You fall into a shaft and drop 3 floors!
  1873 | D:6      | Noticed Maggie
  1875 | D:6      | 1875 ||| Stepping ~*~*~tactically~*~*~ (hiding).
  1892 | D:6      | Killed Maggie
  1893 | D:6      | Reached skill level 6 in Axes
  1893 | D:6      | Reached XP level 6. HP: 14/37 MP: 6/6
  2014 | D:6      | Noticed a water moccasin
  2035 | D:6      | HP: 8/37 [water moccasin (4)]
  2036 | D:6      | 2036 ||| DRINKING potion of heal wounds.
  2044 | D:6      | Killed a water moccasin
  2045 | D:6      | Reached XP level 7. HP: 34/44 MP: 7/7
  2096 | D:6      | 2096 ||| Stepping ~*~*~tactically~*~*~ (hiding).
  2113 | D:6      | Reached skill level 1 in Dodging
  2124 | D:6      | 2124 ||| Stepping ~*~*~tactically~*~*~ (stealth).
  2132 | D:6      | 2132 ||| Stepping ~*~*~tactically~*~*~ (stealth).
  2133 | D:6      | 2133 ||| Stepping ~*~*~tactically~*~*~ (stealth).
  2134 | D:6      | 2134 ||| Stepping ~*~*~tactically~*~*~ (stealth).
  2135 | D:6      | 2135 ||| Stepping ~*~*~tactically~*~*~ (stealth).
  2136 | D:6      | 2136 ||| Stepping ~*~*~tactically~*~*~ (stealth).
  2264 | D:6      | HP: 9/44 [orc wizard/+0 dagger (3)]
  2267 | D:6      | HP: 4/44 [orc priest/+0 mace (6)]
  2268 | D:6      | Killed from afar by an orc priest

Levels and vault maps discovered:
D:1:      minmay_arrival_arboretum_small, layout_basic
D:2:      layout_rooms, minmay_misc_feat_enclosed, uniq_jessica
D:3:      layout_loops_corners, portal_sewer_entry_d,
          shapermc_ecumenical_altar_hornbeckon
D:6:      layout_gridville, uniq_maggie

Skill      XL: |  1  2  3  4  5  6  7 |
---------------+----------------------+-----
Axes           | 2 3 4 6 |  6.7
Fighting       | 4 |  4.4
Dodging        | 1 |  1.4
Armour         | |  3.2
Shields        | |  3.2

Action                     |  1- 3 |  4- 6 |  7- 9 || total
---------------------------+-------+-------+-------++-------
  Melee: War axe           |   118 |   107 |    38 ||   263
    Use: Scroll            |     7 |     2 |       ||     9
         Potion            |       |     1 |       ||     1
 Armour: Scale mail        |    79 |    52 |    29 ||   160
  Dodge: Dodged            |    52 |    45 |    22 ||   119
  Block: Buckler           |    14 |    23 |     7 ||    44

Table legend:
 A = Non-vault XP
 B = Vault XP
 C = Vault XP percentage of total XP
 D = Non-vault monster count
 E = Vault monster count
 F = Vault count percentage of total count
                 A         B        C        D         E       F
            +---------+---------+-------+---------+---------+-------
      Total |     481 |     441 |  47.8 |      68 |       2 |   2.9
            +---------+---------+-------+---------+---------+-------
        D:1 |      74 |       0 |   0.0 |      32 |       0 |   0.0
        D:2 |      71 |      37 |  34.3 |      25 |       1 |   3.8
        D:6 |     336 |     404 |  54.6 |      11 |       1 |   8.3
            +---------+---------+-------+---------+---------+-------
